[Event "GER-ch Youth-U12 2024"]
[Site "Willingen"]
[Date "2024.05.20"]
[Round "3"]
[White "Rodriguez Klasen, Ennio"]
[Black "Vu Hoang Bach"]
[Result "0-1"]
[ECO "C01"]
[WhiteElo "1802"]
[BlackElo "1677"]
[Annotator "NA RC"]
[PlyCount "32"]
[EventDate "2022.06.05"]
[EventType "swiss"]
[EventRounds "9"]
[EventCountry "GER"]
[SourceTitle "playchess.com"]
[Source "ChessBase"]
[SourceQuality "1"]
[TimeControl "40/4500+30:900+30"]

1. e4 e6 2. d4 d5 3. exd5 exd5 4. Nc3 Nc6 5. Bf4 Bb4 6. Qd2 Nf6 7. f3 Be6 8. O-O-O O-O 9. h4 Na5 10. g4 Nc4 11. Qd3 c5 12. h5 Qa5 13. g5 Nxb2 14. Kxb2 c4 15. Qe3 Qa3+ 16. Kb1 Bxc3 0-1

[Event "GER-ch Youth-U12 2024"]
[Site "Willingen"]
[Date "2024.05.20"]
[Round "3"]
[White "Vartanian, Roman"]
[Black "Marynychenko, Yehor"]
[Result "1/2-1/2"]
[ECO "E68"]
[WhiteElo "1797"]
[BlackElo "1896"]
[Annotator "NA"]
[PlyCount "189"]
[EventDate "2022.06.05"]
[EventType "swiss"]
[EventRounds "9"]
[EventCountry "GER"]
[SourceTitle "playchess.com"]
[Source "ChessBase"]
[SourceQuality "1"]
[TimeControl "40/4500+30:900+30"]

1. d4 Nf6 2. c4 g6 3. Nf3 Bg7 4. g3 O-O 5. Bg2 d6 6. O-O Nbd7 7. Nc3 e5 8. e4 Re8 9. d5 Nc5 10. Qc2 a5 11. Be3 Bg4 12. h3 Bxf3 13. Bxf3 Nfd7 14. Bg2 Nb6 15. b3 Qd7 16. Rae1 f5 17. h4 f4 18. Bxc5 dxc5 19. Kh2 Rf8 20. Bh3 Qe7 21. Qe2 h5 22. Rg1 Kh7 23. g4 Qxh4 24. Qf3 hxg4 25. Rxg4 Qe7 26. Reg1 Rf6 27. Rxg6 Rxg6 28. Bf5 Qh4+ 29. Qh3 Qxh3+ 30. Kxh3 Kg8 31. Rxg6 Rd8 32. Nb5 Na8 33. d6 cxd6 34. Rxd6 Rb8 35. Rd5 Bf6 36. Rxc5 Rd8 37. Rd5 Kf8 38. Be6 Re8 39. Rd6 Be7 40. Rd7 Rb8 41. Bd5 Nb6 42. Rxb7 Rxb7 43. Bxb7 Bc5 44. f3 Ke7 45. Bc6 Nc8 46. Bd5 Na7 47. Nc3 Bd4 48. Nb1 Kd6 49. Kg2 Nc8 50. Kf1 Ne7 51. Ke2 Ng6 52. Bf7 Ne7 53. Kd3 Nc6 54. a3 Bc5 55. Bh5 Nd4 56. Kc3 Ne2+ 57. Kb2 Bd4+ 58. Kc2 Bc5 59. Bg4 Kc6 60. Kb2 Bd4+ 61. Kc2 Bc5 62. Kd3 Nc1+ 63. Kc3 Ne2+ 64. Kc2 Nd4+ 65. Kb2 Ne2 66. Nd2 Bd4+ 67. Kb1 Bc5 68. Kb2 Bd4+ 69. Kc2 Bc5 70. Nb1 Nd4+ 71. Kb2 Ne2 72. Bh3 Bd4+ 73. Kc2 Bc5 74. Bg2 Kd6 75. Kd2 Nd4 76. Kc3 Ne2+ 77. Kb2 Bd4+ 78. Kc2 Bc5 79. Kd2 Nd4 80. Kc3 Ne2+ 81. Kc2 Kc6 82. Kd3 Nd4 83. Kc3 Ne2+ 84. Kb2 Bd4+ 85. Kc2 Bc5 86. Bf1 Nd4+ 87. Kc3 Nxf3 88. b4 axb4+ 89. axb4 Bd4+ 90. Kb3 Be3 91. Kc2 Nh2 92. Bh3 Nf3 93. Bf1 Nh2 94. Bh3 Nf3 95. Bf1 1/2-1/2

[Event "GER-ch Youth-U12 2024"]
[Site "Willingen"]
[Date "2024.05.20"]
[Round "3"]
[White "Fischermann, Simon"]
[Black "Moskalenko, Michael"]
[Result "1/2-1/2"]
[ECO "B43"]
[WhiteElo "1789"]
[BlackElo "1574"]
[Annotator "NA"]
[PlyCount "118"]
[EventDate "2022.06.05"]
[EventType "swiss"]
[EventRounds "9"]
[EventCountry "GER"]
[SourceTitle "playchess.com"]
[Source "ChessBase"]
[SourceQuality "1"]
[TimeControl "40/4500+30:900+30"]

1. e4 c5 2. Nf3 e6 3. d4 cxd4 4. Nxd4 a6 5. Nc3 Qc7 6. Bd3 Nf6 7. Qe2 Bd6 8. Bd2 O-O 9. Ndb5 axb5 10. Nxb5 Qb6 11. e5 Bxe5 12. Qxe5 Qxf2+ 13. Kxf2 Ng4+ 14. Ke2 Nxe5 15. Bb4 d6 16. Bxd6 Nxd3 17. Bxf8 Nxb2 18. Rab1 Rxa2 19. Nc3 Ra6 20. Bxg7 Kxg7 21. Rxb2 e5 22. h3 Rg6 23. g4 Bd7 24. Rf1 Bc6 25. Ke3 Rh6 26. Ne4 Rxh3+ 27. Rf3 Rh1 28. Nf2 Bxf3 29. Kxf3 Rc1 30. Nd3 Rf1+ 31. Kg2 Rf6 32. Rxb7 Nc6 33. Rc7 Rg6 34. Kh3 Re6 35. Nc5 Rh6+ 36. Kg3 Nd4 37. Ne4 Ra6 38. c4 Ne6 39. Rd7 Rc6 40. Nd6 Ng5 41. Kh4 Kf6 42. Ne8+ Kg6 43. Rd6+ Rxd6 44. Nxd6 Ne6 45. Nb7 e4 46. c5 f5 47. c6 e3 48. gxf5+ Kxf5 49. Kg3 Ke5 50. Kf3 Nd4+ 51. Kxe3 Nxc6 52. Nc5 Kf5 53. Kf3 h5 54. Ne4 Ne5+ 55. Kg3 Ng6 56. Nd2 Ke5 57. Nf3+ Kf5 58. Nh4+ Nxh4 59. Kxh4 Ke5 1/2-1/2

[Event "GER-ch Youth-U12 2024"]
[Site "Willingen"]
[Date "2024.05.20"]
[Round "3"]
[White "Noll, Raphael"]
[Black "Subocz, Barbara"]
[Result "0-1"]
[ECO "B22"]
[WhiteElo "1775"]
[BlackElo "1692"]
[Annotator "NA"]
[PlyCount "70"]
[EventDate "2022.06.05"]
[EventType "swiss"]
[EventRounds "9"]
[EventCountry "GER"]
[SourceTitle "playchess.com"]
[Source "ChessBase"]
[SourceQuality "1"]
[TimeControl "40/4500+30:900+30"]

1. e4 c5 2. c3 d5 3. exd5 Qxd5 4. d4 Nf6 5. Nf3 Nc6 6. Be3 cxd4 7. cxd4 e6 8. Nc3 Qd8 9. Be2 Be7 10. O-O O-O 11. Qb3 b6 12. Rfd1 Bb7 13. Rac1 Rc8 14. Ne5 Nb4 15. Bf3 Nbd5 16. Nb5 a6 17. Na7 Rxc1 18. Rxc1 Qd6 19. Nac6 Bxc6 20. Rxc6 Qd8 21. Qc4 Nxe3 22. fxe3 Nd5 23. e4 Nf6 24. d5 exd5 25. exd5 b5 26. Qd4 Qa5 27. Kf2 Qxa2 28. d6 Bd8 29. d7 Qa5 30. b4 Qa2+ 31. Kg3 Qb1 32. Rc8 Qe1+ 33. Kh3 h6 34. Qd6 Nxd7 35. Nxd7 Qh4# 0-1

[Event "GER-ch Youth-U12 2024"]
[Site "Willingen"]
[Date "2024.05.20"]
[Round "3"]
[White "Fadeev, Justin Michael"]
[Black "Zhang, Yibo"]
[Result "1/2-1/2"]
[ECO "C54"]
[WhiteElo "1762"]
[BlackElo "1988"]
[Annotator "NA"]
[PlyCount "61"]
[EventDate "2022.06.05"]
[EventType "swiss"]
[EventRounds "9"]
[EventCountry "GER"]
[SourceTitle "playchess.com"]
[Source "ChessBase"]
[SourceQuality "1"]
[TimeControl "40/4500+30:900+30"]

1. e4 e5 2. Nf3 Nc6 3. d4 exd4 4. Bc4 Bc5 5. c3 Nf6 6. cxd4 Bb4+ 7. Bd2 Nxe4 8. Bxb4 Nxb4 9. Bxf7+ Kxf7 10. Qb3+ Kf8 11. Qxb4+ Qe7 12. Qxe7+ Kxe7 13. O-O Re8 14. Re1 Kf8 15. Na3 c6 16. Ne5 d5 17. Re3 a5 18. Rae1 Ra6 19. Nc2 c5 20. Nd3 c4 21. Nf4 Rb6 22. b3 cxb3 23. axb3 Rc6 24. Na3 Nf6 25. Nxd5 Rxe3 26. Nxe3 Rc3 27. Nac4 Rxb3 28. Nxa5 Rb4 29. Rd1 Be6 30. h3 Nd5 31. Rc1 1/2-1/2

[Event "GER-ch Youth-U12 2024"]
[Site "Willingen"]
[Date "2024.05.20"]
[Round "3"]
[White "Rau, Eduard"]
[Black "Wagener, Nicolas"]
[Result "1-0"]
[ECO "B45"]
[WhiteElo "1756"]
[BlackElo "1713"]
[Annotator "NA RC"]
[PlyCount "53"]
[EventDate "2022.06.05"]
[EventType "swiss"]
[EventRounds "9"]
[EventCountry "GER"]
[SourceTitle "playchess.com"]
[Source "ChessBase"]
[SourceQuality "1"]
[TimeControl "40/4500+30:900+30"]

1. e4 c5 2. Nf3 e6 3. d4 cxd4 4. Nxd4 Nf6 5. Nc3 Nc6 6. Bf4 Bb4 7. Ndb5 e5 8. Bg5 O-O 9. a3 Be7 10. Bxf6 Bxf6 11. Bc4 a6 12. Nd6 Be7 13. Nf5 d6 14. g4 Bxf5 15. gxf5 Nd4 16. Nd5 Rc8 17. Bd3 Bh4 18. c3 Nc6 19. Rg1 Ne7 20. Qg4 g5 21. Qxh4 Nxd5 22. Rxg5+ Kh8 23. exd5 Rg8 24. Rxg8+ Qxg8 25. Qf6+ Qg7 26. Qxg7+ Kxg7 27. O-O-O 1-0

[Event "GER-ch Youth-U12 2024"]
[Site "Willingen"]
[Date "2024.05.20"]
[Round "3"]
[White "Wettstein, Levin"]
[Black "Gersemann, Karl"]
[Result "0-1"]
[ECO "C55"]
[WhiteElo "1753"]
[BlackElo "1729"]
[Annotator "NA"]
[PlyCount "126"]
[EventDate "2022.06.05"]
[EventType "swiss"]
[EventRounds "9"]
[EventCountry "GER"]
[SourceTitle "playchess.com"]
[Source "ChessBase"]
[SourceQuality "1"]
[TimeControl "40/4500+30:900+30"]

1. e4 e5 2. Nf3 Nc6 3. Bc4 Nf6 4. d3 Be7 5. Nbd2 O-O 6. O-O d5 7. exd5 Nxd5 8. h3 Kh8 9. Ne4 f6 10. Nc3 Nb6 11. Bb3 a5 12. a3 Nd4 13. Nxd4 exd4 14. Ne2 c5 15. Ng3 Bd7 16. Bd2 f5 17. Qc1 Bc6 18. Bf4 Nd5 19. Nh5 Nxf4 20. Nxf4 Bg5 21. Ne6 Bxc1 22. Nxd8 Bxb2 23. Ra2 Raxd8 24. Rxb2 b5 25. Rfb1 f4 26. f3 Rfe8 27. Kf2 Re3 28. Bf7 Rd7 29. Bc4 b4 30. axb4 cxb4 31. Ra1 Re5 32. Rbb1 g6 33. Re1 Rde7 34. Rxe5 Rxe5 35. Bb3 Kg7 36. Ra2 Kf6 37. Ra1 Ke7 38. Ra2 Kd6 39. Ra1 Kc7 40. Ra2 Kb6 41. Ra1 a4 42. Bxa4 Ra5 43. Bxc6 Rxa1 44. Bd5 Kc5 45. Bb3 Kd6 46. g3 fxg3+ 47. Kxg3 Ke5 48. Bc4 Rc1 49. Bb3 g5 50. Ba4 h5 51. Bb3 h4+ 52. Kg2 Kf4 53. Kf2 Rd1 54. Ke2 Rh1 55. Kf2 Rh2+ 56. Kg1 Rxh3 57. Kg2 Rxf3 58. Bd5 h3+ 59. Kg1 g4 60. c3 dxc3 61. Bb3 Kg3 62. Bd1 h2+ 63. Kh1 Rf1# 0-1

[Event "GER-ch Youth-U12 2024"]
[Site "Willingen"]
[Date "2024.05.20"]
[Round "3"]
[White "Lanert, Theodor"]
[Black "Chua, Daniel James"]
[Result "0-1"]
[ECO "B77"]
[WhiteElo "1742"]
[BlackElo "1751"]
[Annotator "NA"]
[PlyCount "78"]
[EventDate "2022.06.05"]
[EventType "swiss"]
[EventRounds "9"]
[EventCountry "GER"]
[SourceTitle "playchess.com"]
[Source "ChessBase"]
[SourceQuality "1"]
[TimeControl "40/4500+30:900+30"]

1. e4 c5 2. Nf3 d6 3. d4 cxd4 4. Nxd4 Nf6 5. Nc3 g6 6. Be3 Bg7 7. Bc4 O-O 8. Bb3 Nc6 9. f3 Bd7 10. Qd2 Rc8 11. g4 Nxd4 12. Bxd4 Bc6 13. h4 b5 14. h5 b4 15. Nd5 e5 16. Be3 Bxd5 17. exd5 e4 18. O-O-O exf3 19. Qxb4 Re8 20. Bg5 Re5 21. Qf4 h6 22. Bxf6 Qxf6 23. Qxf6 Bxf6 24. Rdf1 Bg5+ 25. Kd1 gxh5 26. gxh5 Re3 27. Rh3 f2 28. Rh2 Rce8 29. Rhxf2 f6 30. Bc4 R8e4 31. Bd3 Rh4 32. Re2 Rxe2 33. Bxe2 Rd4+ 34. Ke1 Bh4+ 35. Rf2 Rf4 36. b4 Bxf2+ 37. Kd2 Rxb4 38. Kd3 Rd4+ 39. Kc3 Kg7 0-1

[Event "GER-ch Youth-U12 2024"]
[Site "Willingen"]
[Date "2024.05.20"]
[Round "3"]
[White "Draude, Theo"]
[Black "Fass, Ben"]
[Result "1-0"]
[ECO "C45"]
[WhiteElo "1731"]
[BlackElo "1027"]
[Annotator "NA RC"]
[PlyCount "31"]
[EventDate "2022.06.05"]
[EventType "swiss"]
[EventRounds "9"]
[EventCountry "GER"]
[SourceTitle "playchess.com"]
[Source "ChessBase"]
[SourceQuality "1"]
[TimeControl "40/4500+30:900+30"]

1. e4 e5 2. Nf3 Nc6 3. d4 exd4 4. Nxd4 Bc5 5. Nb3 Bb6 6. Qe2 Bd4 7. Nc3 b6 8. Nxd4 Nxd4 9. Qd3 Qf6 10. Be3 c5 11. Nd5 Qc6 12. Bxd4 cxd4 13. Qxd4 Qxc2 14. Bd3 Qc6 15. Qxg7 f6 16. Qxh8 1-0

[Event "GER-ch Youth-U12 2024"]
[Site "Willingen"]
[Date "2024.05.20"]
[Round "3"]
[White "Vinogradov, Ilia"]
[Black "Prashanthakumar, Arnesh"]
[Result "1-0"]
[ECO "C50"]
[WhiteElo "1723"]
[BlackElo "1634"]
[Annotator "NA"]
[PlyCount "103"]
[EventDate "2022.06.05"]
[EventType "swiss"]
[EventRounds "9"]
[EventCountry "GER"]
[SourceTitle "playchess.com"]
[Source "ChessBase"]
[SourceQuality "1"]
[TimeControl "40/4500+30:900+30"]

1. e4 e5 2. Nf3 Nc6 3. Bc4 Bc5 4. O-O Nf6 5. d4 Nxd4 6. Nxe5 O-O 7. Be3 Ne6 8. Bxe6 Bxe3 9. Bxf7+ Kh8 10. fxe3 d6 11. Ng6+ hxg6 12. Bxg6 Ng4 13. Rf3 Rxf3 14. Qxf3 Bd7 15. Bf5 Bxf5 16. exf5 Qg5 17. Qf4 Qh5 18. Nd2 Rf8 19. Rf1 Rxf5 20. Qg3 Rxf1+ 21. Nxf1 Qf5 22. Qh4+ Kg8 23. h3 Nf6 24. Qc4+ Kh7 25. Qxc7 Ne4 26. Qxb7 Qf2+ 27. Kh2 Qxc2 28. b4 Qd3 29. a4 d5 30. Qf7 Nf6 31. Kg1 a6 32. Qa7 Ne4 33. Qd4 Qb3 34. a5 Qa2 35. Qd3 Qc4 36. Qb1 Kh8 37. b5 Nc3 38. Qf5 Nxb5 39. Qf8+ Kh7 40. Qf5+ Kh8 41. Qg4 Qc7 42. Qh5+ Kg8 43. Qxd5+ Kh8 44. Qa8+ Kh7 45. Qxa6 Nc3 46. Qd3+ Kh8 47. a6 Na4 48. Qa3 Qd7 49. Kh2 Qc7+ 50. Ng3 Qd7 51. Qf8+ Kh7 52. Qf5+ 1-0

[Event "GER-ch Youth-U12 2024"]
[Site "Willingen"]
[Date "2024.05.20"]
[Round "3"]
[White "Hepp, Daniel"]
[Black "Kaza, Charith"]
[Result "1-0"]
[ECO "D58"]
[WhiteElo "1721"]
[BlackElo "1503"]
[Annotator "NA"]
[PlyCount "123"]
[EventDate "2022.06.05"]
[EventType "swiss"]
[EventRounds "9"]
[EventCountry "GER"]
[SourceTitle "playchess.com"]
[Source "ChessBase"]
[SourceQuality "1"]
[TimeControl "40/4500+30:900+30"]

1. d4 d5 2. c4 e6 3. Nc3 Nf6 4. Nf3 Be7 5. Bg5 h6 6. Bh4 O-O 7. e3 b6 8. Be2 Bb7 9. O-O Nbd7 10. Rc1 c6 11. Bg3 Nh5 12. cxd5 Nxg3 13. hxg3 exd5 14. Bd3 Rc8 15. a3 f5 16. Qc2 g6 17. Qb3 Kg7 18. Ne2 Bg5 19. Nf4 Re8 20. Rfe1 Qf6 21. Qa4 a5 22. Nxd5 Qd6 23. Nf4 Bxf4 24. gxf4 c5 25. Bb5 Red8 26. Bxd7 Rxd7 27. Ne5 Rdd8 28. Qb3 c4 29. Nxc4 Qd5 30. f3 Rd6 31. Nd2 Qxb3 32. Nxb3 Rdc6 33. Rxc6 Rxc6 34. Rc1 Rxc1+ 35. Nxc1 Ba6 36. Kf2 Kf6 37. Ne2 Bxe2 38. Kxe2 Ke6 39. Kd3 Kd5 40. b3 b5 41. a4 bxa4 42. bxa4 h5 43. e4+ Kd6 44. Kc4 Kc6 45. d5+ Kb6 46. e5 h4 47. e6 Kc7 48. Kc5 Kd8 49. d6 Ke8 50. d7+ Ke7 51. Kc6 Kxe6 52. d8=Q h3 53. Qd5+ Kf6 54. Qd6+ Kg7 55. Qe7+ Kh6 56. Qf6 Kh7 57. gxh3 Kg8 58. Qe7 Kh8 59. Kd6 Kg8 60. Ke6 Kh8 61. Kf6 Kg8 62. Qg7# 1-0

[Event "GER-ch Youth-U12 2024"]
[Site "Willingen"]
[Date "2024.05.20"]
[Round "3"]
[White "Sun, Christopher"]
[Black "Schulz, Robin"]
[Result "0-1"]
[ECO "B13"]
[WhiteElo "1714"]
[BlackElo "1730"]
[Annotator "NA"]
[PlyCount "114"]
[EventDate "2022.06.05"]
[EventType "swiss"]
[EventRounds "9"]
[EventCountry "GER"]
[SourceTitle "playchess.com"]
[Source "ChessBase"]
[SourceQuality "1"]
[TimeControl "40/4500+30:900+30"]

1. e4 c6 2. d4 d5 3. exd5 cxd5 4. Bd3 Nc6 5. c3 Nf6 6. Ne2 Bg4 7. Bf4 e6 8. h3 Bh5 9. O-O Bd6 10. Bxd6 Qxd6 11. Nd2 O-O 12. g4 Bg6 13. Bxg6 fxg6 14. Ng3 Nd7 15. Nf3 Qf4 16. Kg2 Rf7 17. Ne1 g5 18. Nd3 Qd6 19. Qe2 Nf8 20. Rae1 Re8 21. Ne5 Nxe5 22. Qxe5 Qxe5 23. Rxe5 h6 24. Ne2 Ng6 25. Re3 Rf6 26. f3 Kf7 27. Ng3 Nf4+ 28. Kh2 Rc8 29. Rfe1 Rc6 30. Ne2 Ng6 31. Nc1 b6 32. Nd3 a5 33. Kg3 Ke7 34. Ne5 Nxe5 35. Rxe5 Kd6 36. R5e3 b5 37. a3 Rb6 38. R1e2 g6 39. Kf2 b4 40. cxb4 axb4 41. Rb3 Rf7 42. Rxb4 Rxb4 43. axb4 Rb7 44. Rd2 Rxb4 45. Kg3 Rb3 46. Kf2 e5 47. dxe5+ Kxe5 48. Kg3 d4 49. Kf2 Kd5 50. Ke2 Kc4 51. Rc2+ Kd5 52. Rd2 Re3+ 53. Kf2 Kc4 54. Re2 Rb3 55. Rd2 Rd3 56. Rxd3 Kxd3 57. Ke1 Kc2 0-1

[Event "GER-ch Youth-U12 2024"]
[Site "Willingen"]
[Date "2024.05.20"]
[Round "3"]
[White "Hellriegel, Hannes"]
[Black "Junge, Mattheo Gabriel"]
[Result "0-1"]
[ECO "B15"]
[WhiteElo "1701"]
[BlackElo "1817"]
[Annotator "NA"]
[PlyCount "114"]
[EventDate "2022.06.05"]
[EventType "swiss"]
[EventRounds "9"]
[EventCountry "GER"]
[SourceTitle "playchess.com"]
[Source "ChessBase"]
[SourceQuality "1"]
[TimeControl "40/4500+30:900+30"]

1. e4 c6 2. d4 d5 3. Nc3 dxe4 4. Nxe4 Nf6 5. Nxf6+ exf6 6. c3 Bd6 7. Bd3 O-O 8. Qc2 Re8+ 9. Ne2 h5 10. O-O Qc7 11. f4 Nd7 12. h3 c5 13. dxc5 Nxc5 14. Ng3 h4 15. Nf5 Nxd3 16. Qxd3 Bxf5 17. Qxf5 Qc5+ 18. Qxc5 Bxc5+ 19. Kh1 Re2 20. b4 Bf2 21. a4 Rc8 22. Ba3 Rxc3 23. b5 Bb6 24. a5 Bxa5 25. Bb2 Rxb2 26. Rxa5 Rcc2 27. Rg1 Rf2 28. Rxa7 Rxb5 29. Ra4 Rbb2 30. Ra8+ Kh7 31. Rf8 Rxf4 32. Rxf7 Rff2 33. Rd7 b5 34. Rd4 g5 35. Rd7+ Kg6 36. Rb7 b4 37. Rb5 b3 38. Kh2 Rfe2 39. Kh1 Kf7 40. Rf1 Re6 41. Rb7+ Kg6 42. Rb5 Rd6 43. Kh2 Rdd2 44. Kh1 Rd4 45. Rb6 Rf4 46. Re1 Rff2 47. Rg1 Kf7 48. Rb5 g4 49. hxg4 h3 50. Kh2 Rxg2+ 51. Rxg2 hxg2 52. Kg1 Ke6 53. Rb8 Ke5 54. Re8+ Kf4 55. Rb8 Kg3 56. Rxb3+ Rxb3 57. g5 Rb1# 0-1

[Event "GER-ch Youth-U12 2024"]
[Site "Willingen"]
[Date "2024.05.20"]
[Round "3"]
[White "Leonhardt, Max"]
[Black "Rinke, Alexander"]
[Result "1-0"]
[ECO "E06"]
[WhiteElo "1691"]
[BlackElo "1596"]
[Annotator "NA"]
[PlyCount "137"]
[EventDate "2022.06.05"]
[EventType "swiss"]
[EventRounds "9"]
[EventCountry "GER"]
[SourceTitle "playchess.com"]
[Source "ChessBase"]
[SourceQuality "1"]
[TimeControl "40/4500+30:900+30"]

1. Nf3 d5 2. g3 Nf6 3. Bg2 e6 4. d4 Be7 5. O-O O-O 6. c4 Nc6 7. Bf4 dxc4 8. Nc3 Nd5 9. Qd2 Nxf4 10. Qxf4 Nb4 11. a3 Nd5 12. Qd2 c6 13. Ne5 Nb6 14. Rac1 Bf6 15. Nf3 e5 16. Ne4 exd4 17. Nxf6+ Qxf6 18. Qxd4 Qxd4 19. Nxd4 Re8 20. Rfd1 Be6 21. Nxe6 Rxe6 22. e3 Kf8 23. Bf1 Re4 24. Bg2 Re5 25. Rd4 Rae8 26. Bf1 Re4 27. Rxe4 Rxe4 28. Bg2 Re5 29. Kf1 Ke7 30. Ke2 a6 31. Kd2 Kd6 32. Bf1 Kc5 33. b3 Rf5 34. f4 Rh5 35. h4 Rh6 36. Bxc4 Nxc4+ 37. Rxc4+ Kd6 38. f5 Ke5 39. Rg4 Rd6+ 40. Ke2 g6 41. fxg6 fxg6 42. Rf4 Rf6 43. Rd4 Rd6 44. Kd3 Rxd4+ 45. exd4+ Kf5 46. Kc4 Ke4 47. b4 b6 48. a4 Kf3 49. a5 bxa5 50. bxa5 Kxg3 51. Kc5 Kxh4 52. Kxc6 g5 53. d5 g4 54. d6 g3 55. d7 g2 56. d8=Q+ Kh3 57. Qg8 h5 58. Qg5 h4 59. Kb7 g1=Q 60. Qf5+ Qg4 61. Qd3+ Qg3 62. Qxa6 Qf3+ 63. Ka7 Qf7+ 64. Kb8 Qe8+ 65. Qc8+ Qxc8+ 66. Kxc8 Kg3 67. a6 h3 68. a7 h2 69. a8=Q 1-0

[Event "GER-ch Youth-U12 2024"]
[Site "Willingen"]
[Date "2024.05.20"]
[Round "3"]
[White "Balashvili, Amiran"]
[Black "Grabowski, Joshua"]
[Result "1/2-1/2"]
[ECO "C00"]
[WhiteElo "1682"]
[BlackElo "1532"]
[Annotator "NA"]
[PlyCount "110"]
[EventDate "2022.06.05"]
[EventType "swiss"]
[EventRounds "9"]
[EventCountry "GER"]
[SourceTitle "playchess.com"]
[Source "ChessBase"]
[SourceQuality "1"]
[TimeControl "40/4500+30:900+30"]

1. e4 e6 2. c4 d5 3. cxd5 exd5 4. exd5 Nf6 5. Nc3 Nxd5 6. Nf3 Nc6 7. Bc4 Be6 8. Bb5 Bd6 9. Nd4 Bd7 10. Nxc6 Bxc6 11. Bxc6+ bxc6 12. O-O O-O 13. Qa4 Qf6 14. g3 Nxc3 15. bxc3 Qf3 16. Ba3 Rfe8 17. Rae1 Qd5 18. Bxd6 cxd6 19. d4 Re6 20. Qa6 Qb5 21. Qxb5 cxb5 22. d5 Rxe1 23. Rxe1 Kf8 24. Kf1 Rc8 25. Re3 Rc5 26. Rd3 Ke7 27. Ke2 a5 28. Kd2 Rc4 29. Kc2 Kd7 30. Kb2 Ke7 31. h3 Kf6 32. Rf3+ Ke7 33. Kb3 a4+ 34. Kb2 Rc5 35. Rd3 f5 36. Ka3 Rc4 37. Re3+ Kd7 38. Kb2 Re4 39. Kc2 Ke7 40. Kd3 Rxe3+ 41. Kxe3 Kf6 42. Kd4 g5 43. f4 gxf4 44. gxf4 Ke7 45. a3 Kd7 46. c4 Kc7 47. Kd3 Kb6 48. Kd4 bxc4 49. Kxc4 Ka5 50. h4 h5 51. Kc3 Kb5 52. Kd4 Kb6 53. Kc4 Ka5 54. Kc3 Kb5 55. Kd4 Kb6 1/2-1/2

[Event "GER-ch Youth-U12 2024"]
[Site "Willingen"]
[Date "2024.05.20"]
[Round "3"]
[White "Heitmann, Erik"]
[Black "Fels, Mattis"]
[Result "0-1"]
[ECO "A85"]
[WhiteElo "1644"]
[BlackElo "1759"]
[Annotator "NA"]
[PlyCount "70"]
[EventDate "2022.06.05"]
[EventType "swiss"]
[EventRounds "9"]
[EventCountry "GER"]
[SourceTitle "playchess.com"]
[Source "ChessBase"]
[SourceQuality "1"]
[TimeControl "40/4500+30:900+30"]

1. d4 d5 2. c4 e6 3. Nc3 c6 4. e3 Bd6 5. Nf3 f5 6. Bd3 Nf6 7. O-O O-O 8. b3 Bd7 9. h3 Be8 10. Qc2 Nbd7 11. Bd2 Ne4 12. c5 Bc7 13. b4 Bh5 14. Ne1 e5 15. Bxe4 fxe4 16. Qb3 Qh4 17. Nc2 Rf7 18. Nxd5 cxd5 19. Qxd5 Raf8 20. Be1 Be2 21. f4 Qh5 22. Rf2 exf4 23. Qxb7 Nf6 24. Qc6 Nd5 25. Bd2 fxe3 26. Rxf7 Qxf7 27. Nxe3 Qf2+ 28. Kh1 Nxe3 29. Qe6+ Kh8 30. Bxe3 Qxe3 31. Qe7 Qf4 32. g3 Bf3+ 33. Kg1 Qxg3+ 34. Kf1 Qg2+ 35. Ke1 Bg3# 0-1

[Event "GER-ch Youth-U12 2024"]
[Site "Willingen"]
[Date "2024.05.20"]
[Round "3"]
[White "Doeding, Alexander"]
[Black "Hoppe, Arthur"]
[Result "0-1"]
[ECO "B06"]
[WhiteElo "1633"]
[BlackElo "1859"]
[Annotator "NA"]
[PlyCount "84"]
[EventDate "2022.06.05"]
[EventType "swiss"]
[EventRounds "9"]
[EventCountry "GER"]
[SourceTitle "playchess.com"]
[Source "ChessBase"]
[SourceQuality "1"]
[TimeControl "40/4500+30:900+30"]

1. e4 g6 2. d4 Bg7 3. Nc3 d6 4. f4 a6 5. Nf3 b5 6. a3 Bb7 7. Bd3 c5 8. dxc5 dxc5 9. e5 Nh6 10. O-O O-O 11. Qe1 c4 12. Be4 Bxe4 13. Qxe4 Nd7 14. Rd1 Qc8 15. Be3 Nc5 16. Qd4 Ne6 17. Qd7 Nf5 18. Qxc8 Raxc8 19. Kf2 f6 20. Ke2 Bh6 21. g3 Nxe3 22. Kxe3 fxe5 23. Nxe5 g5 24. fxg5 Bxg5+ 25. Ke2 Rf5 26. Nf3 Rcf8 27. Rf1 Rxf3 28. Rxf3 Nd4+ 29. Kf1 Rxf3+ 30. Kg2 Rf5 31. Ne4 Bh6 32. c3 Nc2 33. Rg1 Ne3+ 34. Kh1 Rd5 35. g4 Rd1 36. Nf2 Rd2 37. Ne4 Rxb2 38. Re1 Bf4 39. Ng3 Rd2 40. Ne2 Nc2 41. Rf1 Bd6 42. g5 Rxe2 0-1

[Event "GER-ch Youth-U12 2024"]
[Site "Willingen"]
[Date "2024.05.20"]
[Round "3"]
[White "Hagn, Tobias"]
[Black "Meijers, Janis"]
[Result "0-1"]
[ECO "B10"]
[WhiteElo "1631"]
[BlackElo "1787"]
[Annotator "NA"]
[PlyCount "114"]
[EventDate "2022.06.05"]
[EventType "swiss"]
[EventRounds "9"]
[EventCountry "GER"]
[SourceTitle "playchess.com"]
[Source "ChessBase"]
[SourceQuality "1"]
[TimeControl "40/4500+30:900+30"]

1. e4 c6 2. c4 d5 3. exd5 cxd5 4. cxd5 Nf6 5. Qa4+ Bd7 6. Qb3 Qc7 7. Nc3 e5 8. dxe6 Bxe6 9. Qd1 Nc6 10. Nf3 Bc5 11. Be2 O-O 12. O-O a6 13. Ng5 Bf5 14. Bf3 Nb4 15. Nge4 Bd4 16. Qb3 a5 17. Nb5 Qb6 18. Nxd4 Qxd4 19. Nxf6+ Qxf6 20. d4 Bd3 21. Rd1 Bc2 22. Qc4 Bxd1 23. Bxd1 Nc6 24. Be3 Rfd8 25. Rc1 Nxd4 26. Qc5 Nf5 27. Bf4 Qxb2 28. h3 Qf6 29. Bg4 g6 30. Qc7 Rac8 31. Qxa5 Rxc1+ 32. Bxc1 Re8 33. Bd2 Qa1+ 34. Kh2 Qe5+ 35. Qxe5 Rxe5 36. a4 h5 37. Bf3 b6 38. Bc3 Rc5 39. Bd2 Rc2 40. Be1 Nd4 41. Be4 Re2 42. Bc3 Rxe4 43. f3 Rf4 44. a5 bxa5 45. Bxa5 Ne2 46. Bd2 Rd4 47. Be3 Rd3 48. Bg5 Kg7 49. Be7 f6 50. Bc5 h4 51. Bf2 g5 52. Bc5 Rd1 53. Bf2 Rf1 54. Be3 Ng3 55. Bg1 Kg6 56. f4 gxf4 57. Be3 Rh1# 0-1

[Event "GER-ch Youth-U12 2024"]
[Site "Willingen"]
[Date "2024.05.20"]
[Round "3"]
[White "Franke, Moritz"]
[Black "Tarasenko, Nazar"]
[Result "0-1"]
[ECO "B50"]
[WhiteElo "1597"]
[BlackElo "2061"]
[Annotator "NA RC"]
[PlyCount "121"]
[EventDate "2022.06.05"]
[EventType "swiss"]
[EventRounds "9"]
[EventCountry "GER"]
[SourceTitle "playchess.com"]
[Source "ChessBase"]
[SourceQuality "1"]
[TimeControl "40/4500+30:900+30"]

1. e4 c5 2. Nf3 d6 3. Nc3 Nf6 4. e5 dxe5 5. Nxe5 e6 6. Bb5+ Nbd7 7. Bxd7+ Nxd7 8. d4 cxd4 9. Qxd4 Bc5 10. Qf4 O-O 11. Nxd7 Bxd7 12. O-O Qe7 13. Ne4 e5 14. Qg3 Bb6 15. Be3 f5 16. Bxb6 axb6 17. Nc3 f4 18. Qf3 Bc6 19. Ne4 Qb4 20. Rfe1 Rxa2 21. Qb3+ Qxb3 22. cxb3 Rxa1 23. Rxa1 Bxe4 24. Re1 Rd8 25. h3 Bc2 26. Rxe5 Bxb3 27. Rb5 Bd5 28. Rxb6 Bc6 29. Rb4 Rd1+ 30. Kh2 Rd2 31. Rxf4 Rxb2 32. Kg3 Rb3+ 33. f3 Rc3 34. Rb4 b5 35. Kf2 Rc2+ 36. Kf1 Bd5 37. Ke1 Bc4 38. g3 Re2+ 39. Kd1 Rf2 40. Kc1 Rxf3 41. Rb2 Rf1+ 42. Kc2 Rf2+ 43. Kc3 Rxb2 44. Kxb2 b4 45. Kc1 b3 46. Kb2 g5 47. h4 g4 48. Kc3 Kf7 49. Kb2 Ke6 50. Kc3 Ke5 51. Kb2 Ke4 52. Kc3 Kf3 53. Kb2 Kxg3 54. Kc3 Kh2 55. Kb2 g3 56. Kc3 g2 57. Kb2 g1=Q 58. Kc3 Qc1+ 59. Kd4 b2 60. Ke5 b1=R 61. Kd4 0-1